 Dungeon Crawl Stone Soup version 0.27-a0-1416-g941b2bd30b (webtiles) character file.

Game seed: 281679547915720380

5114 kae the Severer (level 10, -7/94 HPs)
             Began as a Hill Orc Fighter on July 1, 2021.
             Was a Follower of Qazlal.
             Killed from afar by Erolcha (20 damage)
             ... with a fireball
             ... on level 10 of the Dungeon.
             The game lasted 00:05:03 (9330 turns).

kae the Severer (Hill Orc Fighter)                  Turns: 9330, Time: 00:05:04

Health: -7/94      AC: 19    Str: 23    XL:     10   Next: 58%
Magic:  0/13       EV:  4    Int:  8    God:    Qazlal [*.....]
Gold:   453        SH: 11    Dex: 10    Spells: 9/9 levels left

rFire    . . .     SeeInvis .   y - +5 war axe (spect)
rCold    . . .     Faith    .   c - +0 kite shield
rNeg     . . .     Spirit   +   j - +3 plate armour
rPois    .         Reflect  .   (no helmet)
rElec    .         Harm     .   l - scarf {+Inv}
rCorr    .         Rampage  .   z - +0 pair of gloves
Will     +....                  (no boots)
Stlth    ..........             H - amulet of guardian spirit
HPRegen  0.25/turn              e - +4 ring of protection
MPRegen  0.13/turn              J - ring of willpower

@: about to teleport, slowed, very slow
A: no striking features
a: Renounce Religion, Evoke Invisibility


You were on level 10 of the Dungeon.
You worshipped Qazlal.
Qazlal was aware of your devotion.
You visited 2 branches of the dungeon, and saw 12 of its levels.

You collected 453 gold pieces.

Inventory:

Hand Weapons
 a - a +1 war axe of electrocution
 y - a +5 spectral war axe (weapon)
Missiles
 p - 2 throwing nets (quivered)
Armour
 b - a +0 scale mail
 c - a +0 kite shield (worn)
 j - a +3 plate armour (worn)
 l - a scarf of invisibility (worn)
 z - a +0 pair of gloves (worn)
Jewellery
 e - a +4 ring of protection (left hand)
 k - an amulet of the acrobat
 u - a ring of magical power
 v - a ring of magical power
 w - a ring of see invisible
 A - a ring of fire
 H - an amulet of guardian spirit (around neck)
 J - a ring of willpower (right hand)
Wands
 o - a wand of mindburst (10)
 B - a wand of flame (19)
 D - a wand of polymorph (9)
 E - a wand of iceblast (19)
Scrolls
 g - 3 scrolls of teleportation
 x - a scroll of fog
 C - a scroll of enchant armour
 F - a scroll of summoning
 G - a scroll of blinking
 K - a scroll of magic mapping {unknown}
Potions
 d - a potion of might
 f - 2 potions of degeneration
 h - 3 potions of resistance
 i - a potion of heal wounds
 m - 3 potions of mutation
 n - 5 potions of curing {unknown}
 q - a potion of cancellation
 r - 2 potions of haste
 s - 2 potions of lignification {unknown}
 t - a potion of brilliance {unknown}
 I - a potion of attraction {unknown}


   Skills:
 + Level 10.7 Fighting
 * Level 15.1 Axes
 - Level 3.2 Armour
 - Level 3.2 Shields
 + Level 4.9 Invocations


You had 9 spell levels left.
You didn't know any spells.
Your spell library contained the following spells:

 Spells                   Type           Power      Damage    Failure   Level
 Animate Skeleton         Necr           0%         N/A       100%        1
 Freeze                   Ice            0%         1d3       100%        1
 Pain                     Necr           0%         1d4       100%        1
 Shock                    Conj/Air       0%         1d3       100%        1
 Slow                     Hex            0%         N/A       100%        2
 Confusing Touch          Hex            0%         N/A       100%        3
 Frozen Ramparts          Ice            0%         1d2       100%        3
 Gell's Gravitas          Tloc           0%         N/A       100%        3
 Stone Arrow              Conj/Erth      0%         3d7       100%        3
 Summon Guardian Golem    Hex/Summ       0%         N/A       100%        3
 Swiftness                Air            0%         N/A       100%        3
 Teleport Other           Tloc           0%         N/A       100%        3
 Airstrike                Air            0%         N/A       100%        4
 Animate Dead             Necr           0%         N/A       100%        4
 Hailstorm                Conj/Ice       0%         3d3       100%        4
 Ice Form                 Ice/Tmut       0%         N/A       100%        4
 Bolt of Magma            Conj/Fire/Erth 0%         4d4       100%        5
 Yara's Violent Unravell  Hex/Tmut       0%         3d3       100%        5
 Dispersal                Tloc           0%         N/A       100%        6
 Simulacrum               Ice/Necr       0%         N/A       100%        6
 Orb of Destruction       Conj           0%         N/A       100%        7
 Spellforged Servitor     Conj/Summ      0%         N/A       100%        7
 Shatter                  Erth           0%         3d5*      100%        9


Dungeon Overview and Level Annotations

Branches:
Dungeon (11/15)            Temple (1/1) D:7
   Lair: D:8-11         Orc: D:9-12

Altars:
Ashenzari
Cheibriados
Dithmenos
Elyvilon
Gozag
Hepliaklqana
Kikubaaqudgha
Makhleb
Nemelex Xobeh
Okawaru
Qazlal
Ru
Sif Muna
Trog
Uskayaw
Vehumet
Wu Jian
Xom
Yredelemnul
Zin
The Shining One

Portals:
Bailey: D:10

Annotations:
D:10 Erolcha


Message History

You writhe in agony.
* * * LOW HITPOINT WARNING * * *
You block the goblin's attack.
You feel very sick.
The kobold demonologist looks satisfied for a moment.
The red devil hits you but does no damage.
You feel sick.
The ynoxinul disappears in a puff of smoke!
The kobold brigand throws a curare-tipped dart.
You block the curare-tipped dart.
The red devil hits you from afar with a +3 demon trident of pain.
* * * LOW HITPOINT WARNING * * *
You writhe in agony.
* * * LOW HITPOINT WARNING * * *
You feel sick.
The red devil hits you from afar with a +0 trident.
* * * LOW HITPOINT WARNING * * *
You feel sick.
You feel much better.
You feel sick. You block the red devil's attack.
The red devil hits you but does no damage.
As you read the scroll of teleportation, it crumbles to dust.
You feel strangely unstable.
You feel sick.
You are no longer poisoned.
You block the red devil's attack.
The red devil hits you but does no damage.
Your surroundings suddenly seem different.
Erolcha the Cunning comes into view.
She is wielding a +0 giant spiked club and wearing a +1 robe of resistance.
Erolcha shouts!
A two-headed ogre comes into view.
It is wielding a +0 giant club and a +0 giant spiked club.
The two-headed ogre shouts in stereo!
Erolcha points at you and mumbles some strange words.
The fireball explodes!
The fireball engulfs you!!
* * * LOW HITPOINT WARNING * * *
You hear two shouts!
Found 17 gold pieces and an ivory wand.
As you read the scroll of teleportation, it crumbles to dust.
You feel strangely unstable. Erolcha casts a spell at you.
The fireball explodes!
The fireball engulfs you!!
You die...

..........#
..........#
......O...#
..........#
....$.....#
..........#
........§.####.
.......@☼......
###............
#..####......
#. .O.../ #
..... .....
###+


You could see a two-headed ogre and Erolcha.

Vanquished Creatures
  Joseph (D:8)
  A kobold demonologist (D:10)
  Maggie (D:8)
  Sigmund (D:6)
  Eustachio (D:4)
  A wraith (D:6)
  2 steam dragons
  4 water moccasins
  An orc warrior (D:5)
  A sky beast (D:7)
  2 black bears
  A necrophage (D:5)
  2 ogres
  2 centaurs
  A phantom (D:4)
  4 kobold brigands
  2 bullfrogs
  A gnoll sergeant (D:9)
  2 scorpions (D:6)
  A water moccasin zombie (D:6)
  2 wyvern skeletons
  9 wights
  A bullfrog zombie (D:6)
  3 howler monkeys
  A crimson imp (D:3)
  2 centaur zombies
  4 orc priests
  3 jellies
  5 hounds
  A centaur skeleton (D:7)
  4 iguanas
  7 orc wizards
  A howler monkey zombie (D:8)
  7 gnolls
  A howler monkey skeleton (D:6)
  6 adders
  2 ufetubi
  4 worms
  6 dart slugs
  19 orcs
  10 bats
  5 endoplasms
  4 giant cockroaches
  9 goblins
  11 hobgoblins
  12 jackals
  7 quokkas
  7 ball pythons
  6 frilled lizards
  A goblin skeleton (D:3)
  A goblin zombie (D:3)
  A hobgoblin zombie (D:3)
  20 kobolds
  A kobold skeleton (D:3)
  3 kobold zombies (D:3)
  An orc skeleton (D:3)
  An orc zombie (D:3)
  9 rats
229 creatures vanquished.

Vanquished Creatures (others)
  2 kobolds (D:9)
  4 plants (D:2)
6 creatures vanquished.

Grand Total: 235 creatures vanquished

Notes
Turn   | Place    | Note
-------+----------+-------------------------------------------
     0 | D:1      | kae the Hill Orc Fighter began the quest for the Orb.
     0 | D:1      | Reached XP level 1. HP: 19/19 MP: 1/1
    77 | D:1      | Reached skill level 3 in Axes
   204 | D:1      | Reached XP level 2. HP: 27/27 MP: 2/2
   325 | D:1      | Reached skill level 4 in Axes
   329 | D:1      | Reached XP level 3. HP: 32/33 MP: 3/3
  1108 | D:2      | Found a faded altar of an unknown god.
  1435 | D:2      | Found a hide-covered altar of Uskayaw.
  1443 | D:2      | Reached XP level 4. HP: 41/41 MP: 4/4
  1523 | D:2      | Reached skill level 5 in Axes
  2051 | D:3      | Noticed an ogre
  2288 | D:3      | Found a shimmering altar of Xom.
  2288 | D:3      | Found a shimmering altar of Xom.
  2288 | D:3      | Found a shimmering altar of Xom.
  2291 | D:3      | Found a shimmering altar of Xom.
  2293 | D:3      | Found a shimmering altar of Xom.
  2432 | D:3      | Reached XP level 5. HP: 43/47 MP: 5/5
  2455 | D:3      | Reached skill level 5 in Fighting
  2455 | D:3      | Reached skill level 6 in Axes
  2746 | D:3      | Found a glowing golden altar of the Shining One.
  2841 | D:3      | Found a bloodstained altar of Trog.
  2931 | D:3      | Killed an ogre
  2932 | D:3      | Reached skill level 7 in Axes
  2932 | D:3      | Reached XP level 6. HP: 27/56 MP: 6/6
  3809 | D:4      | Found a broken altar of Ashenzari.
  3843 | D:4      | Noticed Eustachio
  3861 | D:4      | Reached skill level 8 in Axes
  3865 | D:4      | Killed Eustachio
  3866 | D:4      | Reached XP level 7. HP: 43/64 MP: 7/7
  3913 | D:4      | Reached skill level 9 in Axes
  4679 | D:5      | Entered Level 5 of the Dungeon
  4961 | D:5      | Found a hide-covered altar of Uskayaw.
  4991 | D:5      | Reached skill level 10 in Axes
  4991 | D:5      | Reached XP level 8. HP: 73/73 MP: 8/8
  5696 | D:6      | Noticed Sigmund
  5703 | D:5      | Reached skill level 11 in Axes
  5849 | D:6      | Killed Sigmund
  5928 | D:6      | Reached XP level 9. HP: 80/82 MP: 9/9
  5930 | D:6      | Reached skill level 12 in Axes
  6371 | D:6      | Found an ornate altar of the Wu Jian Council.
  6726 | D:7      | Reached skill level 13 in Axes
  7067 | D:7      | Found a staircase to the Ecumenical Temple.
  7173 | Temple   | Entered the Ecumenical Temple
  7220 | Temple   | Became a worshipper of Qazlal Stormbringer
  7251 | D:7      | Reached skill level 1 in Invocations
  8056 | D:8      | Noticed Maggie
  8059 | D:8      | Noticed Joseph
  8065 | D:8      | Reached skill level 10 in Fighting
  8065 | D:8      | Reached skill level 14 in Axes
  8065 | D:8      | Reached XP level 10. HP: 60/93 MP: 11/11
  8073 | D:8      | Killed Maggie
  8075 | D:8      | Killed Joseph
  8925 | D:9      | Reached * piety under Qazlal
  9118 | D:9      | You fall into a shaft and drop 2 floors!
  9239 | D:10     | Entered Level 10 of the Dungeon
  9266 | D:10     | Noticed a kobold demonologist
  9275 | D:10     | Killed a kobold demonologist
  9276 | D:10     | Reached skill level 15 in Axes
  9314 | D:10     | Found a flagged portal.
  9314 | D:10     | Noticed a kobold demonologist
  9318 | D:10     | Noticed a kobold demonologist
  9321 | D:10     | Noticed a sun demon
  9329 | D:10     | Noticed Erolcha
  9329 | D:10     | Noticed a two-headed ogre
  9330 | D:10     | Killed from afar by Erolcha

Illustrated notes

Levels and vault maps discovered:
D:1:      eino_arrival_cavern_b, layout_basic, minmay_tromino_i4
D:2:      cheibrodos_old_hovel, layout_loops_ring,
          hellmonk_ecumenical_altar_run_dry, kennysheep_flooded_box,
          minmay_cut_off
D:3:      layout_loops_ring, xom_redecorated, trog_butcher_becter,
          nicolae_tso_besieged_by_evil
D:4:      layout_loops_ring, nicolae_ashenzari_skybound,
          gup_sewer_entry_bubbles, grunt_ministairs_5, uniq_eustachio
D:5:      layout_loops_cross, eat_drink_and_be_merry_uskayaw
D:6:      layout_loops_ring, nzn_wu_jian_council_hall, uniq_sigmund
D:7:      layout_basic, minmay_temple_entry_sparse_star
D:8:      layout_loops_ring, due_unseen_surprise, uniq_joseph, uniq_maggie
D:9:      layout_rooms, serial_park_tiny_2, minmay_unpleasant_kobolds
D:10:     layout_basic, lemuel_tele_altar, enter_bailey_5, uniq_erolcha,
          uniq_gastronok
D:11:     layout_loops_corners, lair_entry_dummy, nrook_uturn, uniq_snorg
Temple:   nicolae_temple_no_exploring_needed

Skill      XL: |  1  2  3  4  5  6  7  8  9 10 |
---------------+-------------------------------+-----
Axes           | 3 4 5 7 8 10 11 14 15 | 15.1
Fighting       | 4 5 6 7 8 10 | 10.7
Invocations    | 2 4 |  4.9
Armour         | |  3.2
Shields        | |  3.2

Action                   |  1- 3 |  4- 6 |  7- 9 | 10-12 || total
-------------------------+-------+-------+-------+-------++-------
Melee: War axe           |   104 |   183 |   346 |    81 ||   714
  Use: Scroll            |     3 |     1 |    11 |     6 ||    21
       Potion            |       |       |       |     2 ||     2
Armor: Scale mail        |    42 |       |       |       ||    42
       Plate armour      |    13 |   144 |   226 |    45 ||   428
Dodge: Dodged            |    41 |    28 |    71 |    24 ||   164
Block: Kite shield       |    59 |    94 |   175 |    51 ||   379

Table legend: (Time is in decaauts)
 A = Elapsed time spent in this place.
 B = Non-inter-level travel time spent in this place.
 C = Inter-level travel time spent in this place.
 D = Time resting spent in this place.
 E = Time spent auto-exploring this place.
 F = Levels seen in this place.
 G = Mean time per level.
                   A        B        C        D        E       F      G
               +--------+--------+--------+--------+--------+-----+--------+
         Total |   9567 |   9208 |    359 |   1234 |   6370 |  12 |  797.2 |
       Dungeon |   9512 |   9160 |    352 |   1234 |   6331 |  11 |  864.7 |
        Temple |     54 |     48 |      6 |      0 |     39 |   1 |   54.0 |
               +--------+--------+--------+--------+--------+-----+--------+

Top non-repeatable levels by time:
     D:4: 1282 daAuts
     D:3: 1278 daAuts
     D:5: 1227 daAuts
     D:2: 1161 daAuts
     D:1: 1143 daAuts
     D:7: 1097 daAuts
     D:8: 1091 daAuts
     D:6: 738 daAuts
     D:9: 274 daAuts
    D:11: 120 daAuts
    D:10: 98 daAuts
  Temple: 54 daAuts
